 Dungeon Crawl Stone Soup version 0.31-a0-1098-g6898e6545c (webtiles) character file.

Game seed: 1895312073207216158

1507 gruber the Skirmisher (level 8, -6/62 HPs)
             Began as a Minotaur Hunter on Nov 30, 2023.
             Killed by divine providence
             ... invoked by an orc priest
              (13 damage)
             ... on level 6 of the Dungeon.
             The game lasted 00:04:45 (4894 turns).

gruber the Skirmisher (Minotaur Hunter)             Turns: 4894, Time: 00:04:45

Health: -6/62      AC:  4    Str: 15    XL:     8   Next: 53%
Magic:  7/7        EV: 15    Int:  8    God:
Gold:   263        SH:  0    Dex: 17    Spells: 7/7 levels left

rFire   + . .        a - +0 shortbow
rCold   . . .        (shield currently unavailable)
rNeg    + . .        i - +2 robe of the Storm King {*Slow rPois rF+ Int+2}
rPois   +            (helmet restricted)
rElec   .            (no cloak)
rCorr   .            (no gloves)
SInv    .            (no boots)
Will    .....        (no amulet)
Stlth   ++           g - ring of positive energy
HPRegen 0.30/turn    (no ring)
MPRegen 0.10/turn

%: slow self (1%)
@: slowed, very slow
A: horns 2, retaliatory headbutt
a: no special abilities


You were on level 6 of the Dungeon.
You visited 2 branches of the dungeon, and saw 7 of its levels.

You collected 263 gold pieces.

Inventory:

Hand Weapons
 a - a +0 shortbow (weapon)
 r - a +0 rapier
Armour
 i - the +2 robe of the Storm King (worn) {*Slow rPois rF+ Int+2}
   (You found it on level 2 of the Dungeon)

   Int+2:     It affects your intelligence (+2).
   rF+:       It protects you from fire.
   rPois:     It protects you from poison *Slow: It may slow you when you take
   damage.
Jewellery
 g - a ring of positive energy (left hand)
 o - an amulet of reflection
Wands
 k - a wand of acid (6)
 t - a wand of charming (13)
Scrolls
 b - a scroll of butterflies
 c - 2 scrolls of enchant armour {unknown}
 e - 6 scrolls of identify {unknown}
 l - 2 scrolls of noise {unknown}
 m - 2 scrolls of teleportation {unknown}
 n - a scroll of immolation {unknown}
 p - 4 scrolls of fear {unknown}
 q - 2 scrolls of poison {unknown}
 s - 4 scrolls of vulnerability {unknown}
Potions
 d - 2 potions of degeneration {unknown}
 f - 3 potions of curing
 h - 2 potions of haste {unknown}
 j - 3 potions of might {unknown}
 u - a potion of ambrosia {unknown}


   Skills:
 - Level 2.4 Fighting
 - Level 11.1 Ranged Weapons
 * Level 6.1 Dodging
 - Level 0.7 Stealth


You had 7 spell levels left.
You didn't know any spells.
Your spell library contained the following spells:

 Spells                   Type           Power      Damage    Failure   Level
 Necrotise                Necr           0%         1d4       41%         1
 Vampiric Draining        Necr           0%         2d6       78%         3
 Agony                    Necr           0%         N/A       100%        5


Dungeon Overview and Level Annotations

Branches:
Dungeon (6/15)             Temple (1/1) D:4

Altars:
Ashenzari
Cheibriados
Dithmenos
Fedhas
Makhleb
Okawaru
Qazlal
Ru
Xom
Zin
The Shining One


Innate Abilities, Weirdness & Mutations

You have a pair of horns on your head.
You reflexively headbutt those who attack you in melee.


Message History

Aim: an orc priest, wielding a +0 flail (66% to hit)
You shoot an arrow.
The arrow hits the orc priest but does no damage.
An adder comes into view.
The orc priest invokes the aid of Beogh against you.
Pain shoots through your body!
* * * LOW HITPOINT WARNING * * *
Unknown command.
Fire: a) +0 shortbow
Press: ? - help, Shift-Dir - straight line, f/p - orc priest
Aim: an orc priest, wielding a +0 flail (66% to hit)
You shoot an arrow. The arrow barely misses the orc priest.
The adder hisses angrily.
The orc priest closely misses you.
Unknown command.
Unknown command.
Fire: a) +0 shortbow
Press: ? - help, Shift-Dir - straight line, f - adder, p - orc priest
Aim: an adder (51% to hit)
You shoot an arrow. The arrow hits the orc priest.
The orc priest is lightly wounded.
The orc priest closely misses you.
Unknown command.
Unknown command.
Fire: a) +0 shortbow
Press: ? - help, Shift-Dir - straight line, f/p - adder
Aim: an adder (51% to hit)
You shoot an arrow.
The arrow hits the orc priest but does no damage.
The orc priest is lightly wounded.
An orc comes into view. It is wielding a +0 dagger.
The orc priest closely misses you.
The orc priest invokes the aid of Beogh against you.
Beogh smites you!
* * * LOW HITPOINT WARNING * * *
Unknown command.
It was a potion of curing.
You feel better.
The orc priest calls down the wrath of Beogh upon you.
Beogh smites you!
You die...

.###. ..... #...# # ).#
.....# #.#.# #.# ..#.
......##.o.###..!#
......................5....
.........................#
....................##
...............So##..#
..##..........#.@##..#
..#.#.#......##......#
#............(.......#
#...................##
.†#.[.............###
...................#
...........##.....##
.........#.##....##
......#.....#...###


You could see an orc priest, an adder and an orc.

Vanquished Creatures
  Grinder (D:4)
  Sigmund (D:2)
  Eustachio (D:4)
  2 water moccasins (D:6)
  A centaur (D:6)
  Blork the orc (D:4)
  A bullfrog (D:5)
  A wight (D:5)
  5 hounds
  A jelly (D:4)
  Jessica (D:2)
  2 iguanas (D:5)
  An orc wizard (D:5)
  Ijyb (D:3)
  Robin (D:2)
  8 adders
  A shadow imp (D:5)
  2 white imps
  2 ufetubi (D:5)
  A worm (D:3)
  A dart slug (D:5)
  5 orcs
  5 bats
  5 endoplasms
  3 giant cockroaches
  17 goblins
  13 hobgoblins
  13 jackals
  6 kobolds
  4 quokkas
  4 ball pythons
  5 frilled lizards
  11 rats
127 creatures vanquished.

Notes
Turn   | Place    | Note
-------+----------+-------------------------------------------
     0 | D:1      | gruber the Minotaur Hunter began the quest for the Orb.
     0 | D:1      | Reached XP level 1. HP: 18/18 MP: 0/0
    69 | D:1      | Reached XP level 2. HP: 25/25 MP: 1/1
    70 | D:1      | Reached skill level 5 in Ranged Weapons
   130 | D:1      | Reached XP level 3. HP: 28/30 MP: 2/2
   548 | D:2      | Identified the +2 robe of the Storm King {*Slow rPois rF+
                  | Int+2}
   573 | D:2      | Reached skill level 6 in Ranged Weapons
   653 | D:2      | Noticed Robin
   655 | D:2      | Reached XP level 4. HP: 37/37 MP: 3/3
   669 | D:2      | Killed Robin
   904 | D:2      | Noticed Sigmund
   926 | D:2      | Killed Sigmund
   927 | D:2      | Reached skill level 7 in Ranged Weapons
   927 | D:2      | Reached XP level 5. HP: 18/42 MP: 4/4
  1055 | D:2      | Noticed Jessica
  1058 | D:2      | Killed Jessica
  1059 | D:2      | Reached skill level 8 in Ranged Weapons
  1059 | D:2      | Reached XP level 6. HP: 50/50 MP: 5/5
  1422 | D:3      | Noticed Ijyb
  1540 | D:3      | Killed Ijyb
  2306 | D:4      | Noticed Grinder
  2324 | D:4      | Paralysed by Grinder for 2 turns
  2332 | D:4      | Killed Grinder
  2333 | D:4      | Reached skill level 9 in Ranged Weapons
  2333 | D:4      | Reached XP level 7. HP: 19/56 MP: 6/6
  2463 | D:4      | Found a staircase to the Ecumenical Temple.
  2472 | Temple   | Found a transporter.
  2472 | Temple   | Found a transporter.
  2472 | Temple   | Found a transporter.
  2472 | Temple   | Found a transporter.
  2472 | Temple   | Entered the Ecumenical Temple
  2886 | D:4      | Noticed Blork the orc
  2895 | D:4      | Killed Blork the orc
  3052 | D:4      | Noticed Eustachio
  3114 | D:4      | Killed Eustachio
  3115 | D:4      | Reached skill level 10 in Ranged Weapons
  3636 | D:5      | Entered Level 5 of the Dungeon
  3734 | D:5      | Reached skill level 11 in Ranged Weapons
  3758 | D:5      | Reached XP level 8. HP: 58/62 MP: 7/7
  4672 | D:6      | Reached skill level 5 in Dodging
  4780 | D:6      | Identified the +0 leather armour of Zetuhat {SInv}
  4893 | D:6      | HP: 1/62 [orc priest/divine providence (14)]
  4894 | D:6      | Killed from afar by an orc priest

Illustrated notes

Levels and vault maps discovered:
D:1:      tarquinn_simple_flora_water_c, layout_rooms, st_stairs_9,
          minmay_misc_feat_enclosed, minmay_rat_gold_closets
D:2:      layout_loops_ring, uniq_robin, uniq_sigmund, uniq_jessica
D:3:      layout_basic, serial_curves, eino_curves_03, eino_curves_03,
          hangedman_glass_teeth, uniq_ijyb
D:4:      layout_layer_cave, minmay_temple_entry_waves, uniq_blork_the_orc,
          uniq_grinder, uniq_eustachio
D:5:      layout_loops_ring, kennysheep_generic_room_14
D:6:      layout_cave_pools, minitemple, elyvilon_altar_1,
          minmay_misc_feat_five, roderic_batcave, minmay_starry_boxes
Temple:   hellmonk_temple_divided_pantheon

Skill      XL: |  1  2  3  4  5  6  7  8 |
---------------+-------------------------+-----
Ranged Weapons | 5 6 7 8 9 11 | 11.1
Dodging        | 6 |  6.1
Fighting       | |  2.4
Stealth        | |  0.7

Action                     |  1- 3 |  4- 6 |  7- 9 || total
---------------------------+-------+-------+-------++-------
   Fire: Shortbow          |   118 |   121 |   232 ||   471
    Use: Potion            |       |       |     1 ||     1
 Armour: Leather armour    |    17 |       |       ||    17
         Robe              |     5 |    37 |    91 ||   133
  Dodge: Dodged            |    35 |    28 |   114 ||   177

Table legend: (Time is in decaauts)
 A = Elapsed time spent in this place.
 B = Non-inter-level travel time spent in this place.
 C = Inter-level travel time spent in this place.
 D = Time resting spent in this place.
 E = Time spent auto-exploring this place.
 F = Levels seen in this place.
 G = Mean time per level.
                   A        B        C        D        E       F      G
               +--------+--------+--------+--------+--------+-----+--------+
         Total |   4892 |   4717 |    175 |    100 |   3875 |   7 |  698.9 |
       Dungeon |   4832 |   4658 |    174 |    100 |   3875 |   6 |  805.3 |
        Temple |     59 |     59 |      0 |      0 |      0 |   1 |   59.0 |
               +--------+--------+--------+--------+--------+-----+--------+

Top non-repeatable levels by time:
     D:4: 1286 daAuts
     D:2: 991 daAuts
     D:5: 927 daAuts
     D:3: 761 daAuts
     D:1: 555 daAuts
     D:6: 309 daAuts
  Temple: 59 daAuts
